 Dungeon Crawl Stone Soup version 0.23.2-33-g5129a83184 (webtiles) character file.

Game seed: 5793165902965572974

25844 Brecoman the Fighter (level 13, -14/106 HPs)
             Began as a Gnoll Wanderer on July 30, 2019.
             Was an Elder of Okawaru.
             Demolished by a catoblepas (29 damage)
             ... on level 3 of the Lair of Beasts.
             The game lasted 01:10:32 (19702 turns).

Brecoman the Fighter (Gnoll Wanderer)              Turns: 19702, Time: 01:10:33

Health: -14/106    AC: 11    Str: 13    XL:     13   Next: 22%
Magic:  33/33      EV: 23    Int: 15    God:    Okawaru [****..]
Gold:   821        SH:  0    Dex: 21    Spells: 20/27 levels left

rFire    + + .     SeeInvis .   b - +1 battleaxe
rCold    . . .     Gourm    .   (shield currently unavailable)
rNeg     . . .     Faith    .   j - +2 robe of Untold Secrets {rF+ MR+}
rPois    .         Spirit   .   q - +2 helmet
rElec    .         Reflect  .   m - +0 cloak
rCorr    .         Harm     .   z - +0 pair of gloves
MR       +....                  (no boots)
Stlth    ++++++....             v - amulet of the acrobat
HPRegen  0.27/turn              t - ring of magical power
MPRegen  0.23/turn              D - ring of protection from fire

@: heroism
A: distributed training, fangs 1, strong nose
a: Heroism, Renounce Religion


You were on level 3 of the Lair of Beasts.
You worshipped Okawaru.
Okawaru was greatly pleased with you.
You were not hungry.

You visited 2 branches of the dungeon, and saw 14 of its levels.
You visited the Abyss 1 time.
You also visited: Sewer.

You collected 821 gold pieces.

Inventory:

Hand Weapons
 a - a +2 shortbow
 b - a +1 battleaxe (weapon)
Missiles
 s - 468 stones
 u - 202 arrows
 F - a throwing net (quivered)
 G - 94 sling bullets
Armour
 e - a +1 leather armour of cold resistance
 j - the +2 robe of Untold Secrets (worn) {rF+ MR+}
   (You found it on level 5 of the Dungeon)

   It protects you from fire.
   It affects your resistance to hostile enchantments.
 l - a +0 ring mail
 m - a +0 cloak (worn)
 q - a +2 helmet (worn)
 z - a +0 pair of gloves (worn)
 M - a +0 shield
Magical Staves
 K - an uncursed staff of cold
Jewellery
 t - a ring of magical power (left hand)
 v - an amulet of the acrobat (around neck)
 D - a ring of protection from fire (right hand)
Wands
 B - a wand of iceblast (2)
 N - a wand of flame (23)
Scrolls
 c - a scroll of torment {unknown}
 i - a scroll of noise {unknown}
 n - 2 scrolls of fog
 x - a scroll of summoning {unknown}
 y - 7 scrolls of teleportation
 C - 6 scrolls of remove curse
 E - 2 scrolls of fear
 H - a scroll of enchant weapon
 L - a scroll of identify
 O - a scroll of amnesia
Potions
 d - a potion of cancellation
 g - 2 potions of might
 h - 2 potions of resistance
 k - 3 potions of flight
 o - 2 potions of agility
 p - 2 potions of curing
 r - 4 potions of brilliance
 w - 2 potions of haste
 I - a potion of magic
 J - 3 potions of mutation
 P - a potion of invisibility
Comestibles
 f - 27 rations


   Skills:
 + Level 11.2(16.2) Fighting
 + Level 7.6(12.6) Short Blades
 + Level 7.6(12.6) Long Blades
 + Level 9.0(14.0) Axes
 + Level 7.6(12.6) Maces & Flails
 + Level 7.6(12.6) Polearms
 + Level 7.6(12.6) Staves
 + Level 7.6(12.6) Slings
 + Level 9.0(14.0) Bows
 + Level 7.6(12.6) Crossbows
 + Level 9.0(14.0) Throwing
 + Level 7.6(12.6) Armour
 + Level 7.6(12.6) Dodging
 + Level 7.6(12.6) Stealth
 + Level 7.6(12.6) Shields
 + Level 7.6(12.6) Unarmed Combat
 + Level 7.6 Spellcasting
 + Level 6.3 Conjurations
 + Level 6.3 Hexes
 + Level 6.3 Charms
 + Level 6.3 Summonings
 + Level 6.3 Necromancy
 + Level 6.3 Translocations
 + Level 6.3 Transmutations
 + Level 6.3 Fire Magic
 + Level 6.3 Ice Magic
 + Level 6.3 Air Magic
 + Level 6.3 Earth Magic
 + Level 6.3 Poison Magic
 + Level 8.3 Invocations
 + Level 7.6 Evocations


You had 20 spell levels left.
You knew the following spells:

 Your Spells              Type           Power        Failure   Level  Hunger
a - Confusing Touch       Hex            ###...       1%          1    None
b - Confuse               Hex            ###.....     2%          3    ##.....
c - Gell's Gravitas       Tloc           ###.......   2%          3    ##.....

Your spell library contained the following spells:

 Spells                   Type           Power        Failure   Level  Hunger
 Petrify                  Tmut/Erth      ###.....     10%         4    ####...
 Metabolic Englaciation   Hex/Ice        ###.......   26%         5    #####..
 Yara's Violent Unravell  Hex/Tmut       ###.......   26%         5    #####..
 Poison Arrow             Conj/Pois      ###.......   82%         6    #######
 Chain Lightning          Conj/Air       ###.......   100%        8    #######
 Lehudib's Crystal Spear  Conj/Erth      ###.......   100%        8    #######
 Fire Storm               Conj/Fire      ###.......   100%        9    #######
 Glaciate                 Conj/Ice       ###.......   100%        9    #######


Dungeon Overview and Level Annotations

Branches:
Dungeon (11/15)            Temple (0/1) D:4            Lair (3/6) D:10
  Swamp: Lair:2-4    Shoals: Lair:2-4     Snake: Lair:2-4    Spider: Lair:2-4
    Orc: D:9-12

Altars:
Ashenzari
Gozag
Kikubaaqudgha
Okawaru
Ru
Uskayaw
Yredelemnul

Shops:
D:6 [   D:7 [   D:8 %   D:11 (

Annotations:
D:8 3 runed translucent doors, FlyingSalmon's ghost, journeyman GrFi


Innate Abilities, Weirdness & Mutations

Your experience applies equally to all skills.
You have very sharp teeth.
Your uncanny sense of smell can sniff out nearby items.


Message History

You slash the catoblepas!
You bite the catoblepas, but do no damage.
The catoblepas is severely wounded.
The catoblepas misses you.
You hit the catoblepas.
The catoblepas is severely wounded.
The catoblepas gores you!
* * * LOW HITPOINT WARNING * * *
You hit the catoblepas but do no damage.
You bite the catoblepas, but do no damage.
The catoblepas is severely wounded.
The catoblepas misses you.
You hit the catoblepas. Your bite misses the catoblepas.
The catoblepas is severely wounded.
The catoblepas gores you!
* * * LOW HITPOINT WARNING * * *
You hit the catoblepas but do no damage.
The catoblepas is severely wounded.
The catoblepas gores you!!
You die...

##### #...# #####
... ....# #....#
#..##....#
#....####.##P.#..#
#...............#
#....#..#.##@#...#
##....# #..#Y...##
#P...#####..#....#
#P.....##........#
#.........#.##..##
#....#.#..### ..#
##..####P.### #.#
##...###..#.###.#
## #.............


You could see a catoblepas.

Vanquished Creatures
  A hydra (Lair:2)
  A two-headed ogre (D:10)
  A tengu warrior (D:9)
  Sonja (Lair:1)
  Pikel (D:5)
  A black mamba (Lair:1)
  A gargoyle (D:10)
  A komodo dragon (D:10)
  A tengu conjurer (D:9)
  2 trolls
  7 blink frogs (Lair:2)
  A vampire (D:11)
  3 hippogriffs
  A basilisk (Lair:1)
  14 yaks
  A steam dragon (D:9)
  A hungry ghost (D:10)
  5 water moccasins
  A porcupine (Lair:2)
  2 orc warriors
  2 sky beasts
  3 slaves (D:5)
  4 ice beasts
  A necrophage (D:8)
  3 phantoms
  4 wolves (Lair:2)
  5 ogres
  5 crocodiles
  7 centaurs
  A big kobold (Sewer)
  8 bullfrogs
  A wyvern skeleton (D:10)
  4 scorpions
  4 wights (D:6)
  5 killer bees (D:8)
  5 howler monkeys
  3 crimson imps
  3 bullfrog zombies
  A centaur skeleton (D:10)
  8 orc priests
  5 hounds
  2 jellies
  13 orc wizards
  A bullfrog skeleton (D:5)
  3 iguanas
  7 worker ants
  A killer bee zombie (D:9)
  3 hound skeletons
  11 adders
  2 river rats
  5 shadow imps
  2 oozes (D:2)
  2 adder skeletons
  5 worms
  3 dart slugs
  6 leopard geckos
  40 orcs
  7 bats (D:1)
  11 giant cockroaches
  6 goblins
  12 hobgoblins
  9 jackals
  9 quokkas
  7 frilled lizards
  A giant cockroach zombie (D:4)
  A jackal skeleton (D:8)
  7 kobolds
  A leopard gecko zombie (D:6)
  15 rats
  A fungus (Lair:2)
  4 plants (D:10)
326 creatures vanquished.

Vanquished Creatures (others)
  A human (D:4)
  4 fungi
  A plant (D:10)
6 creatures vanquished.

Grand Total: 332 creatures vanquished

Notes
Turn   | Place    | Note
-------+----------+-------------------------------------------
     0 | D:1      | Brecoman the Gnoll Wanderer began the quest for the Orb.
     0 | D:1      | Brecoman set off with the following items: a +2 shortbow,
                  | 31 arrows, a potion of lignification, a +0 hand axe, a +0
                  | robe, a ration
     0 | D:1      | Reached XP level 1. HP: 26/26 MP: 1/1
    87 | D:1      | Reached XP level 2. HP: 33/33 MP: 2/2
   560 | D:1      | Reached XP level 3. HP: 38/38 MP: 3/3
  1031 | D:2      | Reached skill level 1 in Invocations
  1114 | D:2      | Reached skill level 1 in Short Blades
  1114 | D:2      | Reached skill level 1 in Long Blades
  1114 | D:2      | Reached skill level 1 in Maces & Flails
  1114 | D:2      | Reached skill level 1 in Polearms
  1114 | D:2      | Reached skill level 1 in Staves
  1114 | D:2      | Reached skill level 1 in Slings
  1114 | D:2      | Reached skill level 1 in Crossbows
  1114 | D:2      | Reached skill level 1 in Armour
  1114 | D:2      | Reached skill level 1 in Dodging
  1114 | D:2      | Reached skill level 1 in Stealth
  1114 | D:2      | Reached skill level 1 in Shields
  1114 | D:2      | Reached skill level 1 in Unarmed Combat
  1114 | D:2      | Reached skill level 1 in Spellcasting
  1114 | D:2      | Reached skill level 1 in Evocations
  1219 | D:2      | Reached XP level 4. HP: 45/45 MP: 5/5
  1986 | D:3      | Reached skill level 1 in Conjurations
  1986 | D:3      | Reached skill level 1 in Hexes
  1986 | D:3      | Reached skill level 1 in Charms
  1986 | D:3      | Reached skill level 1 in Summonings
  1986 | D:3      | Reached skill level 1 in Necromancy
  1986 | D:3      | Reached skill level 1 in Translocations
  1986 | D:3      | Reached skill level 1 in Transmutations
  1986 | D:3      | Reached skill level 1 in Fire Magic
  1986 | D:3      | Reached skill level 1 in Ice Magic
  1986 | D:3      | Reached skill level 1 in Air Magic
  1986 | D:3      | Reached skill level 1 in Earth Magic
  1986 | D:3      | Reached skill level 1 in Poison Magic
  2052 | D:3      | Found a glowing drain.
  2138 | Sewer    | Entered a sewer
  2156 | Sewer    | Reached XP level 5. HP: 24/51 MP: 6/6
  2406 | Sewer    | Noticed a big kobold
  2452 | Sewer    | Killed a big kobold
  2583 | Sewer    | Found a white marble altar of Elyvilon.
  3011 | D:2      | Reached XP level 6. HP: 51/57 MP: 8/8
  3309 | D:3      | Reached skill level 5 in Axes
  3309 | D:3      | Reached skill level 5 in Bows
  3309 | D:3      | Reached skill level 5 in Throwing
  3656 | D:3      | Found an iron altar of Okawaru.
  3662 | D:3      | Became a worshipper of Warmaster Okawaru
  3807 | D:4      | Found an ancient bone altar of Kikubaaqudgha.
  3809 | D:4      | Noticed a human
  3812 | D:4      | Killed a human
  4064 | D:4      | Reached XP level 7. HP: 34/63 MP: 10/10
  4791 | D:3      | Reached * piety under Okawaru
  4840 | D:4      | Found a staircase to the Ecumenical Temple.
  4887 | D:4      | Reached skill level 9 in Fighting
  4985 | D:4      | Reached XP level 8. HP: 54/71 MP: 12/12
  5322 | D:5      | Entered Level 5 of the Dungeon
  5639 | D:5      | Found a basalt altar of Yredelemnul.
  6176 | D:5      | Got a smoking robe
  6187 | D:5      | Identified the +2 robe of Untold Secrets {rF+ MR+} (You
                  | found it on level 5 of the Dungeon)
  6262 | D:5      | Reached ** piety under Okawaru
  6320 | D:5      | Noticed Pikel
  6437 | D:5      | Killed Pikel
  6437 | D:5      | Reached XP level 9. HP: 42/76 MP: 12/14
  7356 | D:6      | Found Soisoan's Armour Shop.
  7755 | D:6      | You fall through a shaft!
  9136 | D:7      | Found Xeum's Armour Boutique.
  9584 | D:7      | Reached *** piety under Okawaru
  9777 | D:8      | Reached skill level 5 in Invocations
  9815 | D:8      | Found a runed translucent gate.
  9823 | D:8      | Found a runed translucent gate.
  9824 | D:8      | Found a runed translucent gate.
  9826 | D:8      | Noticed FlyingSalmon's ghost (journeyman GrFi)
 10124 | D:8      | Reached XP level 10. HP: 84/84 MP: 17/17
 10139 | D:8      | Received a gift from Okawaru
 10717 | D:8      | Reached skill level 5 in Short Blades
 10717 | D:8      | Reached skill level 5 in Long Blades
 10717 | D:8      | Reached skill level 5 in Maces & Flails
 10717 | D:8      | Reached skill level 5 in Polearms
 10717 | D:8      | Reached skill level 5 in Staves
 10717 | D:8      | Reached skill level 5 in Slings
 10717 | D:8      | Reached skill level 5 in Crossbows
 10717 | D:8      | Reached skill level 5 in Armour
 10717 | D:8      | Reached skill level 5 in Dodging
 10717 | D:8      | Reached skill level 5 in Stealth
 10717 | D:8      | Reached skill level 5 in Shields
 10717 | D:8      | Reached skill level 5 in Unarmed Combat
 10717 | D:8      | Reached skill level 5 in Spellcasting
 10717 | D:8      | Reached skill level 5 in Evocations
 10772 | D:8      | Found Zeot's Food Shop.
 11114 | D:9      | Reached skill level 10 in Fighting
 11815 | D:9      | Found an opulent altar of Gozag.
 11819 | D:9      | Found a sacrificial altar of Ru.
 11819 | D:9      | Found a shattered altar of Ashenzari.
 11819 | D:9      | Found a hide-covered altar of Uskayaw.
 11825 | D:9      | Reached **** piety under Okawaru
 11919 | D:9      | Noticed a tengu warrior
 12386 | D:9      | Received a gift from Okawaru
 12703 | D:9      | Killed a tengu warrior
 13240 | D:9      | Reached XP level 11. HP: 90/91 MP: 19/19
 13528 | D:10     | Entered Level 10 of the Dungeon
 14224 | D:10     | Found a staircase to the Lair.
 14582 | D:10     | Noticed a two-headed ogre
 14596 | D:10     | Killed a two-headed ogre
 14596 | D:10     | Reached skill level 5 in Conjurations
 14596 | D:10     | Reached skill level 5 in Hexes
 14596 | D:10     | Reached skill level 5 in Charms
 14596 | D:10     | Reached skill level 5 in Summonings
 14596 | D:10     | Reached skill level 5 in Necromancy
 14596 | D:10     | Reached skill level 5 in Translocations
 14596 | D:10     | Reached skill level 5 in Transmutations
 14596 | D:10     | Reached skill level 5 in Fire Magic
 14596 | D:10     | Reached skill level 5 in Ice Magic
 14596 | D:10     | Reached skill level 5 in Air Magic
 14596 | D:10     | Reached skill level 5 in Earth Magic
 14596 | D:10     | Reached skill level 5 in Poison Magic
 14698 | D:10     | Reached ***** piety under Okawaru
 15944 | D:11     | Found Lixas Fintat's Antique Weapon Emporium.
 16193 | Lair:1   | Entered Level 1 of the Lair of Beasts
 16278 | Lair:1   | Learned a level 1 spell: Confusing Touch
 16282 | Lair:1   | Learned a level 3 spell: Confuse
 16286 | Lair:1   | Learned a level 3 spell: Gell's Gravitas
 16315 | Lair:1   | Noticed Sonja
 16863 | Lair:1   | Cast into level 1 of the Abyss (Sonja)
 16863 | Abyss:1  | Found a shadowy altar of Dithmenos.
 16867 | Abyss:1  | Found a corrupted altar of Lugonu.
 16900 | Lair:1   | Escaped the Abyss
 16909 | Lair:1   | Killed Sonja
 16909 | Lair:1   | Received a gift from Okawaru
 17850 | Lair:2   | Received a gift from Okawaru
 17850 | Lair:2   | Reached XP level 12. HP: 85/99 MP: 22/22
 17974 | Lair:2   | Noticed a five-headed hydra
 17980 | Lair:2   | Killed a five-headed hydra
 18539 | Lair:2   | Received a gift from Okawaru
 18935 | Lair:2   | Reached skill level 11 in Fighting
 18935 | Lair:2   | Reached XP level 13. HP: 106/106 MP: 24/24
 19702 | Lair:3   | Demolished by a catoblepas

Skill      XL: |  1  2  3  4  5  6  7  8  9 10 11 12 13 |
---------------+----------------------------------------+-----
Invocations    | 1 2 3 4 5 6 7 8 |  8.3
Short Blades   | 1 2 3 4 5 6 7 |  7.6
Long Blades    | 1 2 3 4 5 6 7 |  7.6
Maces & Flails | 1 2 3 4 5 6 7 |  7.6
Polearms       | 1 2 3 4 5 6 7 |  7.6
Staves         | 1 2 3 4 5 6 7 |  7.6
Slings         | 1 2 3 4 5 6 7 |  7.6
Crossbows      | 1 2 3 4 5 6 7 |  7.6
Armour         | 1 2 3 4 5 6 7 |  7.6
Dodging        | 1 2 3 4 5 6 7 |  7.6
Stealth        | 1 2 3 4 5 6 7 |  7.6
Shields        | 1 2 3 4 5 6 7 |  7.6
Unarmed Combat | 1 2 3 4 5 6 7 |  7.6
Spellcasting   | 1 2 3 4 5 6 7 |  7.6
Evocations     | 1 2 3 4 5 6 7 |  7.6
Conjurations   | 1 2 3 4 5 6 |  6.3
Hexes          | 1 2 3 4 5 6 |  6.3
Charms         | 1 2 3 4 5 6 |  6.3
Summonings     | 1 2 3 4 5 6 |  6.3
Necromancy     | 1 2 3 4 5 6 |  6.3
Translocations | 1 2 3 4 5 6 |  6.3
Transmutations | 1 2 3 4 5 6 |  6.3
Fire Magic     | 1 2 3 4 5 6 |  6.3
Ice Magic      | 1 2 3 4 5 6 |  6.3
Air Magic      | 1 2 3 4 5 6 |  6.3
Earth Magic    | 1 2 3 4 5 6 |  6.3
Poison Magic   | 1 2 3 4 5 6 |  6.3
Axes           | 5 6 7 8 9 |  9.0
Bows           | 5 6 7 8 9 |  9.0
Throwing       | 5 6 7 8 9 |  9.0
Fighting       | 9 10 11 | 11.2

Action                   |  1- 3 |  4- 6 |  7- 9 | 10-12 | 13-15 || total
-------------------------+-------+-------+-------+-------+-------++-------
Melee: Hand axe          |       |   137 |       |       |       ||   137
       Bite              |       |    16 |    54 |    65 |     7 ||   142
       Punch             |       |     1 |     1 |     1 |       ||     3
       Battleaxe         |       |    35 |   306 |   463 |    44 ||   848
       Unarmed           |       |       |    15 |    19 |       ||    34
 Fire: Shortbow          |    98 |    82 |    62 |    44 |       ||   286
Throw: Stone             |       |     2 |       |       |       ||     2
       Throwing net      |       |       |       |     1 |       ||     1
 Cast: Confusing Touch   |       |       |       |     4 |       ||     4
       Confuse           |       |       |       |     3 |       ||     3
       Gell's Gravitas   |       |       |       |     2 |       ||     2
Invok: Heroism           |       |       |     2 |    14 |     2 ||    18
       Finesse           |       |       |       |     3 |       ||     3
Evoke: Wand              |       |       |       |     6 |       ||     6
  Use: Scroll            |       |     8 |       |    19 |       ||    27
       Potion            |       |       |     3 |     4 |       ||     7
 Stab: Sleeping          |       |     1 |     9 |    15 |     1 ||    26
       Distracted        |       |       |     1 |       |       ||     1
  Eat: Chunk             |     1 |     8 |    17 |    18 |     2 ||    46
       Ration            |       |       |     1 |     5 |       ||     6
Armor: Chain mail        |    19 |    35 |       |       |       ||    54
       Leather armour    |       |    18 |    39 |       |       ||    57
       Ring mail         |       |       |     8 |       |       ||     8
       Skin              |       |       |    15 |    15 |       ||    30
       Robe              |       |       |    68 |   121 |    10 ||   199
Dodge: Dodged            |     7 |   102 |   290 |   529 |    40 ||   968
